Map: Stasis LE

Players

Yocto

  • Race: Zerg Zerg
  • Spawn Location: 1:00

trygy - Winner!

  • Race: Terran Terran
  • League: Silver
  • Spawn Location: 11:00

VOD

Have the link to the VOD?

Description

Time

  • Played on: Dec. 15, 2018, 11:12 a.m.
  • Length: 10:21
Show
View Real Time Build Order
Export as new Build Order

Yocto Zerg 

Build Orders: Hatch First, Muta Ling Bane 

Get SALT Encoding   

  12  0:01  Drone  
  13  0:16  Overlord  
  13  0:19  Drone  
  14  0:35  Drone x2  
  16  0:38  Drone  
  17  1:01  Hatchery, Drone  
  17  1:04  Drone  
  18  1:07  Extractor  
  17  1:23  Spawning Pool  
  17  1:24  Drone  
  17  1:29  Drone  
  18  1:37  Drone  
  19  1:46  Overlord  
  19  2:16  Queen  
  19  2:18  Queen  
  19  2:19  Metabolic Boost  
  23  2:23  Zergling x2  
  23  2:26  Drone x3  
  27  2:51  Hatchery  
  26  2:58  Queen  
  28  3:06  Queen  
  28  3:09  Drone  
  31  3:13  Drone  
  32  3:27  Drone x2  
  32  3:28  Drone x2  
  32  3:32  Overlord  
  36  3:50  Overlord  
  36  3:52  Overlord  
  36  4:00  Overlord  
  36  4:05  Drone x6  
  42  4:10  Baneling Nest  
  42  4:15  Queen  
  43  4:24  Baneling Nest, Drone  
  43  4:25  Drone  
  43  4:31  Evolution Chamber  
  43  4:36  Zergling x4  
  43  4:37  Zergling x8  
  48  4:46  Drone x3  
  48  4:47  Drone x2  
  51  5:14  Extractor  
  50  5:15  Extractor  
  50  5:18  Overlord x2  
  50  5:19  Overlord  
  49  5:21  Lair  
  49  5:25  Extractor  
  49  5:26  Zerg Melee Weapons Level 1  
  49  5:28  Drone x3  
  49  5:32  Drone x2  
  49  5:33  Drone  
  54  5:35  Drone  
  54  5:36  Drone  
  54  5:40  Drone x3  
  59  5:55  Drone x2  
  59  5:56  Drone x2  
  63  6:09  Zergling x16  
  63  6:10  Zergling x2  
  72  6:18  Baneling x4  
  72  6:19  Hatchery, Baneling x5  
  72  6:22  Zergling x10  
  76  6:44  Zergling x2  
  76  6:45  Zergling x16  
  76  6:46  Zergling x2  
  85  6:47  Baneling x2  
  85  6:48  Baneling x4  
  85  7:07  Zergling x10, Spire  
  89  7:24  Overlord x3  
  89  7:25  Overlord  
  89  7:38  Zergling x6  
  89  7:39  Zergling x6  
  89  7:42  Zerg Ground Armor Level 1  
  93  8:04  Zergling x6  
  93  8:05  Zergling x22  
  91  8:26  Mutalisk x4  
  91  8:27  Mutalisk x4  
  105  8:37  Queen  
  105  8:40  Zergling x2  
  105  8:41  Zergling x14  
  115  8:44  Centrifical Hooks  
  115  8:48  Evolution Chamber  
  114  8:52  Zergling x16  
  114  8:53  Zergling x4  
  124  9:01  Baneling x6  
  124  9:02  Baneling  
  124  9:20  Extractor  
  124  9:21  Extractor  
  122  9:29  Baneling x8  
  122  9:30  Baneling  
  122  9:39  Overlord x2  
  122  9:40  Overlord x3  
Show
View Real Time Build Order
Export as new Build Order

trygy Terran - Winner!

Build Orders:  

Get SALT Encoding   

  12  0:01  SCV  
  13  0:14  SCV  
  14  0:18  Supply Depot  
  14  0:26  SCV  
  15  0:40  SCV  
  15  0:42  Barracks  
  16  1:09  SCV  
  17  1:21  SCV  
  18  1:25  Refinery  
  18  1:31  Refinery  
  18  1:33  Supply Depot  
  18  1:37  Marine  
  20  1:43  Orbital Command  
  19  1:55  Marine  
  20  2:03  Barracks  
  20  2:20  Command Center  
  20  2:25  Barracks Reactor  
  20  2:30  Factory  
  20  2:32  SCV  
  21  2:44  SCV  
  22  2:51  Barracks Tech Lab  
  22  3:02  Marine  
  22  3:03  Marine  
  24  3:06  SCV  
  25  3:18  SCV  
  25  3:19  Stimpack  
  26  3:24  Bunker  
  26  3:33  Hellion x2  
  30  3:35  Barracks Tech Lab  
  30  3:37  Marauder  
  32  3:50  Supply Depot  
  34  3:55  Hellion  
  34  3:58  Marauder  
  36  4:06  SCV x2  
  38  4:18  SCV  
  38  4:22  Marauder  
  41  4:40  SCV x2  
  41  4:44  Marine x3  
  46  4:50  Siege Tank  
  46  4:52  SCV x2  
  51  5:01  Marine  
  51  5:02  Marauder  
  54  5:32  Engineering Bay x2  
  54  5:37  Supply Depot  
  54  5:40  Supply Depot  
  54  5:44  Starport  
  54  5:57  Marine x2  
  54  5:58  SCV, Siege Tank  
  54  6:00  Marauder  
  54  6:01  Supply Depot  
  62  6:10  SCV  
  63  6:15  Marine  
  64  6:21  Marine, Marauder  
  64  6:23  Medivac  
  69  6:30  Barracks, Combat Shield  
  69  6:32  Terran Infantry Weapons Level 1  
  69  6:33  Marine, Terran Infantry Armor Level 1  
  69  6:37  SCV  
  71  6:40  Orbital Command  
  71  6:43  Marauder  
  73  6:47  Marine  
  73  6:51  Marine  
  75  7:04  Marine  
  76  7:12  Marine  
  76  7:13  Marine  
  78  7:21  Marine  
  75  7:25  Siege Tank  
  78  7:30  Marine x2  
  80  7:40  Marauder  
  82  7:48  Marine  
  81  8:01  Marauder  
  54  8:09  Marine x2  
  54  8:11  Siege Tank  
  59  8:21  Barracks Reactor  
  59  8:22  Marine  
  60  8:27  Marine x2  
  62  8:39  Command Center  
  62  8:42  Marine  
  62  8:43  Siege Tank  
  62  8:45  Marine x2  
  68  8:48  Refinery x2  
  68  8:53  SCV  
  70  9:02  Marine  
  70  9:05  SCV  
  70  9:09  Armory  
  72  9:10  Marine x2  
  72  9:16  Marauder  
  75  9:28  Marine  
  75  9:30  Medivac  
  78  9:37  Marauder  
  69  9:59  Marauder  
Tags
 
Composition
Muta Ling Bane
League
Silver
Matchup
TvZ
Replay Pack
Yocto
Spawn Locations
Close Positions
Add a new tag
Caveats
  • Supply blocks, unpowered buildings, or Contaminate may cause inaccurate times.
  • Supply counts are checked every 10 seconds.